 Dungeon Crawl Stone Soup version 0.17-a0-744-gaa96792 (webtiles) character file.

1625594 Trafet the Executioner (level 27, 290/290 HPs)
             Began as a Minotaur Berserker on Apr 21, 2015.
             Was the Champion of Trog.
             Escaped with the Orb
             ... and 3 runes!
             The game lasted 04:25:10 (79280 turns).

Trafet the Executioner (Minotaur Berserker)        Turns: 79280, Time: 04:25:10

Health: 290/290    AC: 40    Str: 27    XL:     27
Magic:  23/23      EV: 29    Int: 10    God:    Trog [******]
Gold:   7102       SH:  0    Dex: 19    Spells: 0 memorised, 26 levels left

rFire  + + .     SeeInvis +     S - +6 battleaxe of Jezid {speed, *Rage +Rage rC+ rN+++}
rCold  + + .     Clarity  +     D - +7 pearl dragon armour
rNeg   + + +     SustAb   .     (no shield)
rPois  .         Gourm    +     Z - +2 hat {Spirit}
rElec  +         Spirit   +     h - +0 cloak "Laj Ymoipi" {MR+ Regen+ Str-5} (curse)
rCorr  .         Warding  .     o - +2 pair of gloves {Dex+3}
rMut   .         Stasis   .     t - +1 pair of boots of the Voivode {rF+ rC+ Regen+ Str+8}
MR     +++..                    F - amulet of the gourmand
Stlth  ..........               V - ring of see invisible
                                X - ring "Behig" {rElec rF+ rN+ Int+4 Dex-3}

@: extremely resistant to hostile enchantments, extremely unstealthy
A: retaliatory headbutt, horns 2, berserk 1, blurry vision 1, clarity, low mp 1,
robust 1, placid magic 1, MP-powered wands
a: Burn Spellbooks, Berserk, Trog's Hand, Brothers in Arms, Renounce Religion,
Evoke Berserk Rage
0: Orb of Zot
}: 3/15 runes: decaying, silver, gossamer


You escaped.
You worshipped Trog.
Trog was exalted by your worship.
You were completely stuffed.

You visited 9 branches of the dungeon, and saw 55 of its levels.
You visited 1 bazaar.
You also visited: Sewer and Ice Cave.

You collected 12028 gold pieces.
You spent 4926 gold pieces at shops.

Inventory:

Hand weapons
 b - the +4 executioner's axe of Capital Punishment {freeze, rF+}
   (Trog gifted it to you on level 1 of the Orcish Mines)

   It has been specially enchanted to freeze those struck by it, causing extra
   injury to most foes and up to half again as much damage against particularly
   susceptible opponents.
   It can also slow down cold-blooded creatures.
   It protects you from fire.
 d - the +12 arbalest "Amiemoihat" {penet, +Blink rPois rF+ Stlth-}
   (Trog gifted it to you on level 11 of the Dungeon)

   Ammo fired by it will pass through the targets it hits, potentially hitting
   all targets in its path until it reaches maximum range.
   It protects you from fire.
   It protects you from poison.
   It lets you blink.
   It makes you less stealthy.
 f - a +7 triple crossbow of velocity
 C - a +7 antimagic executioner's axe
 E - a +6 vampiric battleaxe
 S - the +6 battleaxe of Jezid (weapon) {speed, *Rage +Rage rC+ rN+++}
   (Trog gifted it to you on level 5 of the Vaults)

   Attacks with this weapon are significantly faster.
   It protects you from cold.
   It renders you almost immune to negative energy.
   It lets you go berserk.
   It may make you go berserk in combat.
Missiles
 i - 1511 bolts
Armour
 h - the cursed +0 cloak "Laj Ymoipi" (worn) {MR+ Regen+ Str-5}
   (You found it on level 1 of the Realm of Zot)

   It affects your strength (-5).
   It affects your resistance to hostile enchantments.
   It increases your rate of regeneration.
   It has a curse placed upon it.
 o - a +2 pair of gloves of dexterity (worn)
 t - the +1 pair of boots of the Voivode (worn) {rF+ rC+ Regen+ Str+8}
   (You acquired it on level 14 of the Dungeon)

   It affects your strength (+8).
   It protects you from fire.
   It protects you from cold.
   It increases your rate of regeneration.
 D - a +7 pearl dragon armour (worn)
 Z - a +2 hat of spirit shield (worn)
Rods
 Q - a +2 lightning rod (10/10)
   (You found it on level 3 of the Realm of Zot)
Jewellery
 g - an uncursed ring of poison resistance
 s - an uncursed ring of sustain abilities
 x - an uncursed amulet of faith
 F - an amulet of the gourmand (around neck)
 H - the amulet of Zeonoge {rCorr rF+++ Int+2 Dex-4 Stlth-}
   (You took it off an ironbrand convoker on level 5 of the Vaults)

   [amulet of resist corrosion]

   It protects you from acid and corrosion.
   It affects your intelligence (+2).
   It affects your dexterity (-4).
   It renders you almost immune to fire.
   It makes you less stealthy.
 I - an uncursed ring of protection from fire
 T - the ring of Devotion {+/*Tele rC+ MP+9 Str-5}
   (You found it on level 7 of the Lair of Beasts)

   [ring of teleportation]

   It may teleport you to nearby monsters, and can be evoked to randomly
   teleport.
   It affects your strength (-5).
   It protects you from cold.
   It affects your magic capacity (+9).
 U - an uncursed ring of protection from magic
 V - a ring of see invisible (right hand)
 X - the ring "Behig" (left hand) {rElec rF+ rN+ Int+4 Dex-3}
   (You bought it in a shop on level 4 of the Orcish Mines)

   [ring of positive energy]

   It affects your intelligence (+4).
   It affects your dexterity (-3).
   It protects you from fire.
   It insulates you from electricity.
   It protects you from negative energy.
 Y - a cursed ring of teleportation
Magical devices
 a - a wand of hasting (4)
 n - a wand of paralysis (15)
 L - a wand of slowing (32)
 M - a wand of digging (4)
 P - a wand of teleportation (4)
Scrolls
 e - 2 scrolls of fog
 j - 11 scrolls of magic mapping
 l - 18 scrolls of remove curse
 p - 4 scrolls of silence
 r - 7 scrolls of blinking
 w - 3 scrolls of recharging
 y - 4 scrolls of fear
 B - 11 scrolls of teleportation
 O - 19 scrolls of identify
Potions
 m - a potion of curing
 q - 2 potions of magic
 u - a potion of cure mutation
 v - 3 potions of heal wounds
 z - 5 potions of resistance
 K - 7 potions of restore abilities
 N - 6 potions of haste
Miscellaneous
 k - a fan of gales
 A - a phantom mirror
 G - a lamp of fire
 W - a lantern of shadows
Comestibles
 c - 32 bread rations
 J - 10 beef jerkies


   Skills:
 + Level 24.4 Fighting
 - Level 26.1 Axes
 * Level 22.8 Crossbows
 + Level 26.1 Armour
 + Level 23.4 Dodging
 - Level 5.1 Evocations


You had 26 spell levels left.
You didn't know any spells.

Dungeon Overview and Level Annotations

Branches:
Dungeon (15/15)            Temple (0/1) D:7            Lair (8/8) D:8
  Swamp (5/5) Lair:4       Spider (5/5) Lair:5        Slime (0/6) Lair:6
    Orc (4/4) D:11            Elf (0/3) Orc:3        Vaults (5/5) D:13
  Crypt (3/3) Vaults:3       Tomb (0/3) Crypt:3      Depths (5/5) D:15
    Zot (5/5) Depths:5

Altars:
Elyvilon
Fedhas
Gozag
Nemelex Xobeh
Okawaru
Qazlal
Ru
Vehumet
Yredelemnul
Beogh

Shops:
D:7 :%[}   D:14 }?   Orc:4 *(=[*   Vaults:2 [

Portals:
Hell: Depths:1 Depths:2 Depths:3 Depths:4 Depths:5
Abyss: Depths:2 Depths:5
Pandemonium: Depths:3 Depths:4
Ziggurat: Depths:5
Trove: Depths:5 (give +2 storm dragon armour)

Annotations:
Lair:6 exclusion: oklob plant


Innate Abilities, Weirdness & Mutations

You reflexively headbutt those who attack you in melee.
You have a pair of horns on your head.
You tend to lose your temper in combat.
Scrolls take you a little longer to read.
You possess an exceptional clarity of mind.
Your magical capacity is low (-10% MP).
You are robust (+10% HP).
Your spells are a little easier to cast, but a little less powerful.
You expend magic power (3 MP) to strengthen your wands.


Message History

Zapping:
M - a wand of digging (5)
Press: ? - help, Shift-Dir - straight line The rock shatters into small pieces.
This wand has 4 charges left.
A bat comes into view.
There is a large open door here.
You closely miss the bat. You headbutt the bat.
You kill the bat!
Trog accepts your kill.
There is a large open door here.
There is a large open door here.
There is a staircase leading out of the dungeon here.
Eat which item? (? for menu, Esc to quit)
You continue eating.
Magic restored.
You continue eating.
You finish eating.
That bread ration really hit the spot!
Eat which item? (? for menu, Esc to quit)
You continue eating. x2
You finish eating.
That bread ration really hit the spot!
You have escaped!

....#...........................#
....#.....##....................#
....#.....######.................
....#.....# #########.........
.........####### #.............
.........##....# ##.............
........###.§≈.####..............
........†.'§≈≈.'.##...........###
..###...'.'§≈§.'@##...........# #
..###.#.###.≈≈.#####..........#
......#..##....#####..........#
......#...#######.............#
......#..#.######.............#
......#..#....................###
.....##..#....................#.#
.........#.........###...........
..####...#.##......###........#>.


There were no monsters in sight!

Vanquished Creatures
  Tiamat (Zot:1)
  8 orbs of fire
  Mennas (Crypt:2)
  5 ancient liches
  Frederick (Vaults:4)
  Saint Roka (Vaults:4)
  A curse toe (Zot:3)
  4 Killer Klowns
  12 golden dragons
  Jory (Vaults:4)
  4 bone dragons
  Xtahua (Crypt:1)
  4 electric golems
  8 liches
  Rupert (Spider:1)
  12 tentacled monstrosities
  27 Orb Guardians
  A Hell Sentinel (Zot:5)
  2 quicksilver dragons (Vaults:5)
  5 titans
  An Executioner (Crypt:3)
  Gastronok (Lair:1)
  5 sphinxes (Vaults:5)
  17 shadow dragons
  3 thorn hunters
  An ancient champion (Crypt:1)
  Kirke (Spider:3)
  29 storm dragons
  14 fire giants
  11 draconian monks
  4 tengu reavers
  3 revenants (Crypt:1)
  Donald (D:13)
  11 frost giants
  4 ghost moths
  Maud (Lair:6)
  4 deep elf sorcerers
  22 vault wardens
  6 iron dragons
  An orc warlord (Orc:4)
  6 emperor scorpions
  A draconian knight (Zot:3)
  Aizul (Swamp:2)
  5 draconian scorchers
  2 curse skulls (Crypt:3)
  6 draconian zealots
  A draconian shifter (Zot:3)
  4 ghouls (Crypt:1)
  6 draconian annihilators
  21 ironheart preservers
  A spriggan defender (Depths:3)
  4 vampire knights
  17 stone giants
  4 rakshasas
  3 draconian callers
  7 green draconians
  10 black draconians
  A spellforged servitor (Vaults:4)
  4 war gargoyles (Crypt:3)
  14 very ugly things
  A deep elf demonologist (Vaults:5)
  3 small abominations
  9 white draconians
  7 yellow draconians
  Azrael (Spider:3)
  4 deep elf annihilators
  8 red draconians
  9 mottled draconians
  7 purple draconians
  28 vault guards
  11 ettins
  An eidolon (Crypt:2)
  Snorg (D:14)
  4 crystal guardians
  4 deep elf death magi
  21 fire dragons
  6 jiangshi
  2 hell beasts
  20 yaktaur captains
  8 great orbs of eyes
  6 death cobs
  A quicksilver dragon zombie (Crypt:1)
  22 ogre magi
  25 hydras
  4 deep elf high priests (Vaults:5)
  11 entropy weavers
  3 spriggan air magi
  A quicksilver dragon skeleton (Crypt:3)
  13 ice dragons
  Erolcha (D:9)
  A monstrous demonspawn (Depths:3)
  A death knight (Crypt:1)
  10 deep troll earth magi
  11 deep troll shamans
  6 centaur warriors
  4 salamander stormcallers
  An alligator (shapeshifter) (Vaults:2)
  2 catoblepae
  16 death yaks
  6 dancing weapons
  14 alligators
  7 tengu warriors
  4 vampire magi
  A ghost crab (Swamp:5)
  2 sun demons
  7 spriggan berserkers
  2 soul eaters
  2 orc high priests (Orc:4)
  10 hell knights
  3 ice devils
  A titan skeleton (Crypt:3)
  A fire crab (Vaults:3)
  3 unseen horrors
  A storm dragon skeleton (Vaults:3)
  2 iron trolls
  30 skeletal warriors
  2 spriggan druids (Swamp:5)
  An anaconda zombie (Crypt:1)
  A death drake (Zot:4)
  A giant orange brain (shapeshifter) (Vaults:5)
  6 shadow wraiths
  3 wizards
  40 deep trolls
  8 flayed ghosts
  A death drake (shapeshifter) (Depths:2)
  14 swamp dragons
  3 shambling mangroves
  A deep elf summoner (Vaults:1)
  2 shadow demons
  A tengu zombie (Depths:4)
  2 ice statues (IceCv)
  3 giant orange brains
  6 hill giants
  13 phantasmal warriors
  18 orb spiders
  3 lindwurms
  6 harpies
  20 orc knights
  4 deep elf conjurers
  22 ironbrand convokers
  A shadow dragon zombie (Depths:4)
  14 necromancers
  36 ugly things
  5 griffons
  4 shadow dragon skeletons
  4 sixfirhies
  4 tengu skeletons
  9 orc sorcerers
  A draconian (shapeshifter) (Vaults:5)
  A moth of wrath (shapeshifter) (Vaults:5)
  An oklob plant (D:6)
  A fire giant zombie (Crypt:2)
  An orb spider (shapeshifter) (Depths:3)
  28 wolf spiders
  8 cyclopes
  4 manticores
  An elephant (shapeshifter) (Depths:4)
  10 elephants
  A black mamba (shapeshifter) (Vaults:4)
  3 black mambas
  2 sphinx skeletons
  An octopode (shapeshifter) (Vaults:1)
  16 hornets
  A smoke demon (Orc:4)
  3 rust devils
  4 centaur zombies
  2 fire giant skeletons
  5 orange demons
  18 spiny frogs
  A torpor snail (shapeshifter) (Vaults:5)
  31 moths of wrath
  13 vault sentinels
  An eye of devastation (shapeshifter) (Vaults:5)
  A stone giant skeleton (Crypt:3)
  9 torpor snails
  A gargoyle (D:15)
  A hellion (Depths:3)
  A yaktaur (shapeshifter) (Depths:5)
  59 yaktaurs
  A shock serpent skeleton (Crypt:2)
  An efreet (D:15)
  14 demonic crawlers
  5 kobold demonologists
  A redback zombie (D:13)
  A tormentor (Crypt:3)
  12 komodo dragons
  5 tengu conjurers
  20 freezing wraiths
  9 fire drakes
  A large abomination (Depths:3)
  A fire drake (shapeshifter) (Depths:2)
  3 catoblepas skeletons
  A harpy zombie (Crypt:1)
  3 hellwings
  6 human skeletons (Vaults:3)
  2 raiju (shapeshifter)
  A two-headed ogre (shapeshifter) (Vaults:1)
  5 deep elf priests
  29 two-headed ogres
  The ghost of nubinia the Vexing, an experienced SpAM of Sif Muna (D:6)
  A sphinx simulacrum (Depths:2)
  7 trolls
  2 wind drakes
  A baby alligator (shapeshifter) (Vaults:5)
  8 blue devils
  A fire giant simulacrum (Vaults:4)
  34 jumping spiders
  3 polar bears
  24 blink frogs
  A blink frog (shapeshifter) (Vaults:1)
  14 giant leeches
  An ettin zombie (Vaults:4)
  23 ravens
  15 baby alligators
  12 bog bodies
  A fire dragon zombie (Crypt:3)
  An ice dragon zombie (Crypt:3)
  45 slime creatures
  A guardian serpent zombie (Crypt:2)
  3 boulder beetles
  9 spriggans
  4 vampires
  A trapdoor spider (shapeshifter) (Vaults:2)
  24 flying skulls (Crypt:3)
  A ynoxinul (Zot:3)
  2 wyverns
  66 redbacks
  Sigmund (D:6)
  2 air elementals (Depths:3)
  3 ettin skeletons
  A shapeshifter (Depths:4)
  20 trapdoor spiders
  10 wraiths
  A tarantella (shapeshifter) (Vaults:4)
  2 fire elementals
  9 hippogriffs
  An ice dragon skeleton (Crypt:3)
  71 yaks
  The ghost of Trafet the Chopper, an average TrGl (D:3)
  23 tarantellas
  A centaur simulacrum (D:15)
  A queen ant zombie (Crypt:1)
  A spriggan simulacrum (Depths:4)
  6 basilisks
  2 shadows
  13 deep elf magi
  16 humans (D:13)
  Grum (D:9)
  21 wolves
  3 hungry ghosts
  A golden eye (shapeshifter) (Vaults:3)
  6 hogs (Spider:3)
  24 deep elf fighters
  2 neqoxecs
  23 swamp worms
  12 wargs
  8 mottled dragons
  18 vampire mosquitoes
  9 insubstantial wisps (Swamp:3)
  A harpy simulacrum (Crypt:2)
  22 water moccasins
  2 soldier ants
  A deep troll skeleton (Vaults:4)
  12 porcupines
  38 spiders
  2 hell hounds (Spider:3)
  45 orc warriors
  20 swamp drakes
  A spiny frog skeleton (Crypt:2)
  10 phantoms
  74 ogres
  21 wasps
  7 ice beasts
  A sky beast (D:12)
  A snapping turtle zombie (Crypt:2)
  10 boggarts
  A dwarf (shapeshifter) (Vaults:1)
  A black bear (shapeshifter) (Vaults:2)
  3 boring beetles
  23 crocodiles
  9 centaurs
  4 necrophages (Crypt:3)
  4 brain worms (Lair:8)
  A spiny frog simulacrum (Crypt:3)
  A big kobold (Vaults:2)
  27 giant frogs
  A glowing shapeshifter simulacrum (Vaults:1)
  A gnoll sergeant (D:7)
  9 scorpions
  A wyvern skeleton (D:7)
  A water moccasin skeleton (D:9)
  22 killer bees
  An elf zombie (Vaults:4)
  A snapping turtle simulacrum (Crypt:2)
  9 jellies
  7 crimson imps
  3 quasits
  A wasp zombie (D:9)
  8 electric eels
  2 giant frog skeletons
  A giant frog zombie (Crypt:1)
  4 centaur skeletons
  9 hounds
  A jelly (shapeshifter) (Vaults:3)
  39 orc wizards
  A hound (shapeshifter) (D:15)
  37 orc priests
  A gnoll shaman (D:9)
  7 worker ants
  12 iguanas
  A killer bee zombie (D:8)
  8 sheep
  A crocodile zombie (Crypt:1)
  A hound zombie (D:10)
  A deep dwarf skeleton (Crypt:2)
  A hound skeleton (D:7)
  2 worker ant zombies (D:5)
  15 gnolls
  67 river rats
  8 shadow imps
  15 adders
  10 white imps
  5 ufetubi
  A halfling zombie (Crypt:2)
  2 oozes (D:4)
  2 worm zombies (Crypt:1)
  A sheep skeleton (Crypt:1)
  22 worms
  A worm (shapeshifter) (Depths:2)
  7 giant geckos
  227 orcs
  7 ball pythons
  2 bat zombies
  12 giant cockroaches
  8 hobgoblins
  5 jackals (D:2)
  20 kobolds
  3 quokkas
  A ball python zombie (D:5)
  11 bats
  A giant gecko skeleton (D:4)
  10 giant newts
  A giant spore (D:12)
  19 goblins
  An orc zombie (Crypt:3)
  A quokka skeleton (D:6)
  20 rats
  2 ballistomycetes (D:12)
  6 briar patches (Swamp:2)
  A butterfly (Lair:4)
  2 crawling corpses (Vaults:5)
  22 fungi
  18 plants
3068 creatures vanquished.

Vanquished Creatures (collateral kills)
  A deep elf sorcerer (Vaults:5)
  4 vault guards (Vaults:5)
  A yaktaur captain (Depths:4)
  An orc high priest (Orc:4)
  3 orb spiders (Spider:5)
  A wolf spider (Spider:5)
  An orange demon (Vaults:5)
  A demonic crawler (Spider:5)
  A wind drake (shapeshifter) (Vaults:5)
  A tarantella (Spider:5)
  4 orc warriors
  An ogre (Vaults:5)
  An orc priest (Orc:4)
  An orc (Vaults:5)
22 creatures vanquished.

Vanquished Creatures (others)
  A fire giant (Vaults:5)
  A draconian annihilator (Zot:5)
  An alligator (Swamp:3)
  An iron troll (Vaults:5)
  A deep troll (Vaults:5)
  A death drake (Zot:4)
  3 fire vortices (Vaults:4)
  A tarantella (Spider:3)
  A redback (Spider:1)
  A swamp drake (Zot:4)
  3 ogres
  A boggart (Depths:3)
  An orc warrior (Orc:4)
  10 lost souls
  2 white imps (IceCv)
  4 ufetubi
  3 orcs (Orc:4)
  A hobgoblin (D:8)
  A fungus (Lair:7)
  A plant (Lair:2)
39 creatures vanquished.

Grand Total: 3129 creatures vanquished

Notes
Turn   | Place    | Note
--------------------------------------------------------------
     0 | D:1      | Trafet, the Minotaur Berserker, began the quest for the Orb.
     0 | D:1      | Reached XP level 1. HP: 19/19 MP: 0/0
   142 | D:1      | Reached skill level 4 in Axes
   301 | D:1      | Reached XP level 2. HP: 26/26 MP: 1/1
   933 | D:2      | Reached skill level 5 in Axes
   970 | D:2      | Acquired Trog's second power
   970 | D:2      | Reached XP level 3. HP: 21/31 MP: 2/2
  1473 | D:2      | Reached XP level 4. HP: 28/39 MP: 3/3
  1720 | D:3      | Reached skill level 6 in Axes
  1775 | D:3      | Found a radiant altar of Vehumet.
  1805 | D:3      | Reached XP level 5. HP: 30/45 MP: 4/4
  2067 | D:3      | Reached skill level 7 in Axes
  2175 | D:3      | Reached XP level 6. HP: 30/51 MP: 5/5
  2309 | D:3      | Noticed Trafet's ghost (average TrGl)
  2318 | D:3      | Killed Trafet's ghost
  2318 | D:3      | Reached skill level 8 in Axes
  2384 | D:3      | Found a sacrificial altar of Ru.
  2523 | D:4      | Acquired Trog's third power
  2523 | D:4      | Reached skill level 5 in Armour
  2958 | D:4      | Found a runed door.
  3009 | D:4      | Reached XP level 7. HP: 53/57 MP: 6/6
  3527 | D:4      | Reached skill level 9 in Axes
  3696 | D:5      | Entered Level 5 of the Dungeon
  4207 | D:5      | Reached skill level 10 in Axes
  4207 | D:5      | Reached XP level 8. HP: 64/64 MP: 7/7
  4478 | D:6      | Found a glowing drain.
  4499 | Sewer    | Entered a sewer
  4918 | D:6      | Found an iron altar of Okawaru.
  4918 | D:6      | Noticed an oklob plant
  4921 | D:6      | Noticed nubinia's ghost (experienced SpAM)
  4934 | D:6      | Killed nubinia's ghost
  4934 | D:6      | Reached skill level 11 in Axes
  5016 | D:6      | Noticed Sigmund
  5023 | D:6      | Killed Sigmund
  5512 | D:6      | Reached skill level 12 in Axes
  5512 | D:6      | Reached XP level 9. HP: 67/70 MP: 8/8
  5783 | D:6      | Killed an oklob plant
  6150 | D:7      | Found a blossoming altar of Fedhas.
  6152 | D:7      | Found a stormy altar of Qazlal.
  6224 | D:7      | Reached skill level 13 in Axes
  6453 | D:7      | Found Abaec's Book Shoppe.
  6690 | D:7      | Paralysed by a centaur for 2 turns
  6694 | D:7      | Paralysed by a centaur for 2 turns
  6732 | D:7      | Found Xagalown's Food Shoppe.
  6840 | D:7      | Found Seneguci's Gadget Boutique.
  6945 | D:7      | Found Bubuf's Armour Shoppe.
  7431 | D:7      | Found a staircase to the Ecumenical Temple.
  7529 | D:8      | Found a sacrificial altar of Ru.
  7843 | D:8      | Found a staircase to the Lair.
  7851 | D:8      | Reached skill level 14 in Axes
  7851 | D:8      | Reached XP level 10. HP: 77/77 MP: 9/9
  7864 | D:8      | Reached skill level 10 in Armour
  8220 | D:8      | Found a white marble altar of Elyvilon.
  8462 | D:8      | Found a sparkling altar of Nemelex Xobeh.
  9130 | D:6      | Received a gift from Trog
  9478 | D:9      | Reached skill level 15 in Axes
  9756 | D:9      | Noticed Grum
  9769 | D:9      | Noticed Erolcha
  9775 | D:9      | Killed Grum
  9791 | D:9      | Killed Erolcha
 10718 | D:10     | Entered Level 10 of the Dungeon
 10718 | D:10     | Noticed a hill giant
 10725 | D:10     | Killed a hill giant
 10804 | D:10     | Reached XP level 11. HP: 82/82 MP: 10/10
 10950 | D:10     | Reached skill level 16 in Axes
 12096 | D:11     | Noticed a hill giant
 12104 | D:11     | Killed a hill giant
 12116 | D:11     | Noticed a hill giant
 12126 | D:11     | Killed a hill giant
 12200 | D:11     | Noticed an ice devil
 12480 | D:11     | Found a roughly hewn altar of Beogh.
 12489 | D:11     | Received a gift from Trog
 12510 | D:11     | Found a staircase to the Orcish Mines.
 12515 | D:11     | Reached skill level 5 in Dodging
 12525 | D:11     | Got a jewelled arbalest {god gift}
 13097 | D:11     | Reached skill level 17 in Axes
 13098 | D:11     | Reached skill level 1 in Evocations
 13521 | Orc:1    | Entered Level 1 of the Orcish Mines
 13964 | Orc:1    | Received a gift from Trog
 13965 | Orc:1    | Got a blackened executioner's axe {god gift}
 13968 | Orc:1    | Identified the +4 executioner's axe of Capital Punishment {freeze, rF+} (Trog gifted it to you on level 1 of the Orcish Mines)
 15296 | Orc:3    | Found a staircase to the Elven Halls.
 15381 | Orc:3    | Reached XP level 12. HP: 81/90 MP: 12/12
 15598 | Orc:3    | Received a gift from Trog
 15906 | Lair:1   | Entered Level 1 of the Lair of Beasts
 15924 | Lair:1   | Noticed Gastronok
 15933 | Lair:1   | Killed Gastronok
 16048 | Lair:1   | Identified the +12 arbalest "Amiemoihat" {penet, +Blink rPois rF+ Stlth-} (Trog gifted it to you on level 11 of the Dungeon)
 16171 | Lair:1   | Reached skill level 18 in Axes
 16247 | Lair:2   | Gained mutation: Your muscles are strong. (Str +2) [potion of beneficial mutation]
 16816 | Lair:2   | Gained mutation: You possess an exceptional clarity of mind. [potion of beneficial mutation]
 16840 | Lair:2   | Noticed a seven-headed hydra
 16847 | Lair:2   | Killed an eight-headed hydra
 17341 | Lair:3   | Reached skill level 5 in Fighting
 17712 | Lair:3   | Received a gift from Trog
 18510 | Lair:4   | Found a staircase to the Swamp.
 18919 | Lair:4   | Reached XP level 13. HP: 38/102 MP: 8/13
 19765 | Lair:4   | Reached skill level 19 in Axes
 20007 | Lair:5   | Received a gift from Trog
 20111 | Lair:5   | Found a hole to the Spider Nest.
 20880 | Lair:6   | Noticed Maud
 20889 | Lair:6   | Killed Maud
 20916 | Lair:6   | Found a staircase to the Slime Pits.
 21135 | Lair:6   | Found a blossoming altar of Fedhas.
 21860 | Lair:7   | Got a scorched tin ring
 21883 | Lair:7   | Received a gift from Trog
 22022 | Lair:7   | Reached skill level 20 in Axes
 22044 | Lair:7   | Identified the ring of Devotion {+/*Tele rC+ MP+9 Str-5} (You found it on level 7 of the Lair of Beasts)
 22068 | Lair:7   | Reached XP level 14. HP: 116/116 MP: 12/14
 22248 | Lair:7   | Reached skill level 10 in Dodging
 22273 | Lair:7   | Received a gift from Trog
 22469 | Lair:8   | Entered Level 8 of the Lair of Beasts
 23289 | Lair:8   | Reached skill level 15 in Armour
 23314 | Lair:8   | Received a gift from Trog
 23379 | Lair:8   | Found a runed door.
 23500 | Lair:8   | Reached skill level 10 in Fighting
 23553 | Lair:8   | Received a gift from Trog
 24333 | Orc:4    | Entered Level 4 of the Orcish Mines
 24364 | Orc:4    | Found Xearowon's Assorted Antiques.
 24793 | Orc:4    | Reached skill level 21 in Axes
 24814 | Orc:4    | Received a gift from Trog
 25249 | Orc:4    | Paralysed by an orc sorcerer for 4 turns
 25425 | Orc:4    | Received a gift from Trog
 25561 | Orc:4    | Found Vyammiv's Antique Armour Shoppe.
 25562 | Orc:4    | Found Usaqun's Antique Weapon Emporium.
 25563 | Orc:4    | Found Ynalair's General Store.
 25563 | Orc:4    | Found Xiggiz's Jewellery Shoppe.
 25567 | Orc:4    | Bought a scroll of blinking for 75 gold pieces
 25567 | Orc:4    | Bought a scroll of fear for 35 gold pieces
 25568 | Orc:4    | Bought the ring "Behig" {rElec rF+ rN+ Int+4 Dex-3} for 431 gold pieces
 25579 | Orc:4    | Bought a pair of gloves for 126 gold pieces
 25623 | Orc:4    | Reached XP level 15. HP: 128/128 MP: 15/15
 25651 | Orc:4    | Noticed an orc warlord
 25667 | Orc:4    | Killed an orc warlord
 26252 | Spider:1 | Entered Level 1 of the Spider Nest
 26301 | Spider:1 | Noticed Rupert
 26312 | Spider:1 | Killed Rupert
 26378 | Spider:1 | Received a gift from Trog
 26890 | Spider:2 | HP: 1/129 [disintegration (19)]
 26891 | Spider:2 | Received a gift from Trog
 27946 | Lair:8   | Reached skill level 22 in Axes
 28082 | Spider:3 | Noticed Azrael
 28094 | Spider:3 | Killed Azrael
 28923 | Spider:3 | Noticed Kirke
 29269 | Spider:3 | Killed Kirke
 29427 | Spider:4 | Reached XP level 16. HP: 104/138 MP: 13/18
 29783 | Spider:4 | Received a gift from Trog
 30123 | Spider:4 | Reached skill level 5 in Evocations
 30836 | Swamp:1  | Entered Level 1 of the Swamp
 31156 | Swamp:1  | Found a basalt altar of Yredelemnul.
 31579 | Swamp:1  | Received a gift from Trog
 33289 | Swamp:2  | Noticed Aizul
 33403 | Swamp:2  | Killed Aizul
 33513 | Swamp:2  | Reached skill level 23 in Axes
 33891 | Swamp:2  | Found an opulent altar of Gozag.
 34683 | Swamp:4  | Received a gift from Trog
 34756 | Swamp:4  | Reached XP level 17. HP: 149/149 MP: 9/19
 35669 | Swamp:5  | Entered Level 5 of the Swamp
 36819 | Swamp:5  | Received a gift from Trog
 36935 | Swamp:5  | Got a crude battleaxe {god gift}
 36936 | Swamp:5  | Identified the +8 battleaxe "Nout" {flame, rF- Int+5} (Trog gifted it to you on level 5 of the Swamp)
 37774 | Swamp:5  | Got a decaying rune of Zot
 38411 | Swamp:5  | Reached skill level 24 in Axes
 38817 | D:7      | Bought a +2 scale mail of poison resistance for 252 gold pieces
 39236 | Spider:5 | Entered Level 5 of the Spider Nest
 39243 | Spider:5 | Reached skill level 1 in Crossbows
 39791 | Spider:5 | Received a gift from Trog
 39983 | Spider:5 | Reached XP level 18. HP: 65/160 MP: 0/20
 40356 | Spider:5 | Got a gossamer rune of Zot
 40945 | D:12     | Identified a scroll of acquirement
 41008 | D:12     | Received a gift from Trog
 41953 | D:13     | Noticed Donald
 41974 | D:13     | Killed Donald
 42003 | D:13     | Found a gate to the Vaults.
 42261 | Vaults:1 | Entered Level 1 of the Vaults
 42341 | Vaults:1 | Received a gift from Trog
 42532 | Vaults:1 | Received a gift from Trog
 42574 | Vaults:1 | Reached skill level 5 in Crossbows
 42851 | Vaults:1 | Identified the Incunabulum of the Blind Marksman (You found it on level 1 of the Vaults)
 43124 | Vaults:1 | Received a gift from Trog
 43157 | Vaults:1 | Got a steaming arbalest {god gift}
 43158 | Vaults:1 | Identified the +6 arbalest "Wizydog" {flame, rElec rN+ Int+3} (Trog gifted it to you on level 1 of the Vaults)
 43374 | Vaults:1 | Paralysed by a great orb of eyes for 5 turns
 43438 | Vaults:1 | Reached skill level 15 in Fighting
 43839 | Vaults:1 | Reached skill level 25 in Axes
 44339 | Vaults:2 | Received a gift from Trog
 44671 | Vaults:2 | Paralysed by a hornet for 4 turns
 45341 | Vaults:2 | Reached skill level 15 in Dodging
 45366 | Vaults:2 | Reached XP level 19. HP: 163/170 MP: 21/21
 45428 | Vaults:2 | You fall through a shaft!
 45898 | Vaults:3 | Received a gift from Trog
 47110 | Vaults:3 | Found a staircase to the Crypt.
 47536 | Vaults:2 | Received a gift from Trog
 47676 | Vaults:2 | Got an iridescent battleaxe {god gift}
 47677 | Vaults:2 | Identified the +8 battleaxe of Wetyvorch {drain, rPois rF+ Int+3} (Trog gifted it to you on level 2 of the Vaults)
 48071 | Vaults:2 | Received a gift from Trog
 48576 | Vaults:2 | Found Cehon's Antique Armour Shoppe.
 48626 | Vaults:2 | Bought a crude scale mail for 333 gold pieces
 48636 | Vaults:2 | Identified the +4 scale mail of the Snail {Dex+3} (You bought it in a shop on level 2 of the Vaults)
 48793 | Vaults:2 | Reached XP level 20. HP: 171/180 MP: 18/22
 48969 | Vaults:2 | Reached skill level 26 in Axes
 49203 | Vaults:3 | Received a gift from Trog
 49364 | Vaults:4 | Noticed Saint Roka
 49385 | Vaults:4 | Killed Saint Roka
 49576 | Vaults:4 | Noticed Jory
 49599 | Vaults:4 | Killed Jory
 49821 | Vaults:4 | Noticed Frederick
 49841 | Vaults:4 | Killed Frederick
 50062 | Vaults:4 | Received a gift from Trog
 50985 | Vaults:4 | Reached skill level 10 in Crossbows
 51974 | Crypt:1  | Entered Level 1 of the Crypt
 51999 | Crypt:1  | Noticed Xtahua
 52009 | Crypt:1  | Received a gift from Trog
 52014 | Crypt:1  | Killed Xtahua
 52024 | Crypt:1  | Got an iridescent battleaxe {god gift}
 52025 | Crypt:1  | Identified the +2 battleaxe of Embarrassment {chop, Dex+4} (Trog gifted it to you on level 1 of the Crypt)
 52856 | Crypt:1  | Reached XP level 21. HP: 163/192 MP: 20/23
 53328 | Crypt:2  | Identified the Guide on the Dusty Escort
 54226 | Crypt:2  | Noticed Mennas
 54768 | Crypt:2  | Killed Mennas
 54807 | Crypt:3  | Entered Level 3 of the Crypt
 55394 | Crypt:3  | Found a staircase to the Tomb.
 55919 | Crypt:3  | Identified Cigotuvi's Incunabulum of Boosting Sinister Magic
 56378 | Crypt:3  | Found a basalt altar of Yredelemnul.
 56378 | Crypt:3  | Noticed an ancient lich
 56389 | Crypt:3  | Killed an ancient lich
 56589 | Crypt:3  | Identified the Volume of Darkness
 56622 | Crypt:3  | Received a gift from Trog
 57391 | Vaults:5 | Entered Level 5 of the Vaults
 57435 | Vaults:4 | Paralysed by a hornet for 4 turns
 57447 | Vaults:4 | Reached XP level 22. HP: 157/204 MP: 7/24
 57957 | Vaults:5 | Received a gift from Trog
 57992 | Vaults:5 | Received a gift from Trog
 58475 | Vaults:5 | Received a gift from Trog
 59362 | Vaults:5 | Received a gift from Trog
 59748 | Vaults:5 | Received a gift from Trog
 59910 | Vaults:5 | Got a scorched amethyst amulet
 60507 | Vaults:5 | Reached XP level 23. HP: 135/215 MP: 25/25
 60884 | Vaults:5 | Identified the amulet of Zeonoge {rCorr rF+++ Int+2 Dex-4 Stlth-} (You took it off an ironbrand convoker on level 5 of the Vaults)
 60982 | Vaults:5 | Received a gift from Trog
 61985 | Vaults:5 | Identified the Compendium of Enchantment
 62021 | Vaults:5 | Received a gift from Trog
 62022 | Vaults:5 | Got a warped battleaxe {god gift}
 62028 | Vaults:5 | Identified the +6 battleaxe of Jezid {speed, *Rage +Rage rC+ rN+++} (Trog gifted it to you on level 5 of the Vaults)
 62171 | Vaults:5 | Got a silver rune of Zot
 62647 | Lair:2   | Got a fine cloak
 62658 | Lair:2   | Identified the -3 cloak of Hadjma {rF+ rN++ MR- Dex+4} (You acquired it on level 2 of the Lair of Beasts)
 62965 | D:14     | Found Jezelir Reoq's Gadget Boutique.
 62965 | D:14     | Found Siete's Book Shop.
 63087 | D:14     | Found Wodd's Magic Scroll Emporium.
 63094 | D:14     | Bought a scroll of silence for 97 gold pieces
 63094 | D:14     | Bought a scroll of teleportation for 39 gold pieces
 63094 | D:14     | Bought a scroll of blinking for 97 gold pieces
 63094 | D:14     | Bought a scroll of teleportation for 39 gold pieces
 63094 | D:14     | Bought a scroll of silence for 97 gold pieces
 63094 | D:14     | Bought a scroll of silence for 97 gold pieces
 63094 | D:14     | Bought a scroll of acquirement for 676 gold pieces
 63094 | D:14     | Bought a scroll of blinking for 97 gold pieces
 63094 | D:14     | Bought a scroll of blinking for 97 gold pieces
 63094 | D:14     | Bought a scroll of recharging for 123 gold pieces
 63094 | D:14     | Bought a scroll of recharging for 123 gold pieces
 63095 | D:14     | Got a pair of translucent boots
 63106 | D:14     | Identified the +1 pair of boots of the Voivode {rF+ rC+ Regen+ Str+8} (You acquired it on level 14 of the Dungeon)
 63302 | D:14     | Noticed Snorg
 63308 | D:14     | Killed Snorg
 63711 | D:15     | Entered Level 15 of the Dungeon
 63790 | D:15     | Found a frozen archway.
 63799 | IceCv    | Entered an ice cave
 64199 | D:15     | Found a staircase to the Depths.
 64532 | D:15     | Received a gift from Trog
 64533 | D:15     | Reached skill level 15 in Crossbows
 64918 | D:15     | Received a gift from Trog
 65065 | Depths:1 | Entered Level 1 of the Depths
 65357 | Depths:1 | Received a gift from Trog
 65492 | Depths:1 | Found a gateway to Hell.
 66219 | Depths:2 | Received a gift from Trog
 66455 | Depths:2 | Reached XP level 24. HP: 226/226 MP: 25/25
 66589 | Depths:2 | Identified Sif Muna's Volume of the Destructive Mountains
 66850 | Depths:2 | Found a one-way gate to the infinite horrors of the Abyss.
 66886 | Depths:2 | Received a gift from Trog
 67571 | Depths:3 | Found a one-way gate leading to the halls of Pandemonium.
 67657 | Depths:3 | Received a gift from Trog
 68080 | Depths:4 | Found a flickering gateway to a bazaar.
 68090 | Bazaar   | Entered a bazaar
 68090 | Bazaar   | Found Zizuw's General Store.
 68090 | Bazaar   | Found Yshir's General Store.
 68092 | Bazaar   | Found Azxaukka's Book Boutique.
 68092 | Bazaar   | Found Kiuk's Book Shop.
 68141 | Bazaar   | Bought a scroll of teleportation for 33 gold pieces
 68141 | Bazaar   | Bought 3 scrolls of enchant armour for 247 gold pieces
 68141 | Bazaar   | Bought a potion of curing for 33 gold pieces
 68141 | Bazaar   | Bought a scroll of fear for 38 gold pieces
 68149 | Bazaar   | Bought a potion of restore abilities for 85 gold pieces
 68149 | Bazaar   | Bought a scroll of acquirement for 884 gold pieces
 68154 | Bazaar   | Got a smoking buckler
 68160 | Bazaar   | Bought a Necronomicon for 772 gold pieces
 69000 | Depths:4 | Received a gift from Trog
 69397 | Depths:4 | Received a gift from Trog
 69585 | Depths:5 | Entered Level 5 of the Depths
 69828 | Depths:5 | Found a gateway to a ziggurat.
 69844 | Depths:5 | Received a gift from Trog
 70091 | Depths:5 | Found a portal to a secret trove of treasure.
 70385 | Depths:5 | Reached XP level 25. HP: 237/237 MP: 25/25
 70394 | Depths:5 | Found a gate to the Realm of Zot.
 70742 | Zot:1    | Entered Level 1 of the Realm of Zot
 70789 | Zot:1    | Received a gift from Trog
 71708 | Zot:1    | Noticed Tiamat
 71787 | Zot:1    | Killed Tiamat
 72166 | Zot:1    | Identified Noasch's Reference Book on Boosts and Feathers
 72591 | Zot:1    | Got a scorched cloak
 72602 | Zot:1    | Identified the cursed +0 cloak "Laj Ymoipi" {MR+ Regen+ Str-5} (You found it on level 1 of the Realm of Zot)
 72688 | Zot:1    | Received a gift from Trog
 72934 | Zot:2    | Noticed an orb of fire
 72940 | Zot:2    | Gained mutation: You expend magic power (3 MP) to strengthen your wands. [an orb of fire]
 72952 | Zot:2    | Gained mutation: You are robust (+10% HP). [an orb of fire]
 72956 | Zot:2    | Killed an orb of fire
 73148 | Zot:2    | Reached XP level 26. HP: 273/273 MP: 25/25
 73726 | Zot:2    | Noticed an orb of fire
 73746 | Zot:2    | Killed an orb of fire
 74588 | Zot:3    | Received a gift from Trog
 75901 | Zot:4    | Got a warped plate armour
 75902 | Zot:4    | Identified the +3 plate armour of Indemnity {rElec Str+2 Stlth-} (You found it on level 4 of the Realm of Zot)
 76067 | Zot:4    | Received a gift from Trog
 76311 | Zot:5    | Entered Level 5 of the Realm of Zot
 76700 | Zot:5    | Noticed an orb of fire
 76723 | Zot:5    | Lost mutation: Your muscles are strong. (Str +2) [an orb of fire]
 76731 | Zot:5    | Killed an orb of fire
 76881 | Zot:5    | Reached XP level 27. HP: 283/283 MP: 25/25
 76910 | Zot:5    | Noticed an ancient lich
 77016 | Zot:5    | Killed an ancient lich
 77257 | Zot:5    | Noticed an ancient lich
 77290 | Zot:5    | Noticed an ancient lich
 77290 | Zot:5    | Killed an ancient lich
 77293 | Zot:5    | Noticed an orb of fire
 77311 | Zot:5    | Killed an ancient lich
 77416 | Zot:5    | Noticed an orb of fire
 77417 | Zot:5    | Gained mutation: Your magical capacity is low (-10% MP). [an orb of fire]
 77433 | Zot:5    | Killed an orb of fire
 77549 | Zot:5    | Noticed an orb of fire
 77559 | Zot:5    | Killed an orb of fire
 77562 | Zot:5    | Gained mutation: You tend to lose your temper in combat. [an orb of fire]
 77571 | Zot:5    | Killed an orb of fire
 77730 | Zot:5    | Noticed an orb of fire
 77742 | Zot:5    | Gained mutation: Scrolls take you a little longer to read. [an orb of fire]
 77745 | Zot:5    | Gained mutation: Your spells are a little easier to cast, but a little less powerful. [an orb of fire]
 77760 | Zot:5    | Killed an orb of fire
 77912 | Zot:5    | Noticed an orb of fire
 77960 | Zot:5    | Received a gift from Trog
 78171 | Zot:5    | Killed an orb of fire
 78249 | Zot:5    | Noticed an ancient lich
 78257 | Zot:5    | Killed an ancient lich
 78337 | Zot:5    | Got the Orb of Zot
 78374 | Zot:5    | Noticed Leycito the pandemonium lord
 78810 | D:15     | Noticed Duzauci the pandemonium lord
 79201 | D:4      | Noticed Ole Hearr the pandemonium lord
 79201 | D:4      | Noticed an ancient lich
 79280 | D:$      | Escaped with the Orb!

Action                   |  1- 3 |  4- 6 |  7- 9 | 10-12 | 13-15 | 16-18 | 19-21 | 22-24 | 25-27 || total
-------------------------+-------+-------+-------+-------+-------+-------+-------+-------+-------++-------
Melee: Hand axe          |   104 |   149 |   533 |   130 |       |       |       |       |       ||   916
       War axe           |       |       |       |   314 |       |       |       |       |       ||   314
       Battleaxe         |       |       |       |   117 |  1054 |   631 |   706 |  1192 |   620 ||  4320
       Executioner's axe |       |       |       |   309 |   216 |   909 |   911 |   409 |   708 ||  3462
       Unarmed           |       |       |       |       |     2 |       |       |       |       ||     2
 Fire: Arbalest          |       |       |       |     3 |    21 |    43 |       |       |       ||    67
       Triple crossbow   |       |       |       |       |       |       |       |    14 |     3 ||    17
Invok: Berserk           |     2 |     4 |    11 |    13 |    12 |    23 |    14 |    14 |    11 ||   104
       Brothers in Arms  |       |       |       |       |     1 |     2 |     3 |     4 |       ||    10
Evoke: Wand              |       |       |       |       |       |       |     2 |     1 |    12 ||    15
       Fan of gales      |       |       |       |       |       |       |       |     1 |       ||     1
       Lamp of fire      |       |       |       |       |       |       |       |     1 |       ||     1
  Use: Scroll            |       |       |     7 |    25 |    11 |    13 |     8 |    17 |    15 ||    96
       Potion            |       |       |       |     3 |     2 |    16 |       |     3 |    11 ||    35
 Stab: Confused          |       |       |       |       |       |     2 |       |       |       ||     2
       Distracted        |       |       |       |       |       |     1 |     1 |     4 |       ||     6
  Eat: Chunk             |     4 |     9 |    23 |    63 |    49 |    81 |    54 |    67 |    22 ||   372
       Beef jerky        |       |       |     1 |     1 |     1 |       |       |     1 |       ||     4
       Fruit             |       |       |     1 |       |     1 |     2 |       |       |       ||     4
       Pizza             |       |       |     1 |       |     1 |       |       |       |       ||     2
       Meat ration       |       |       |       |       |       |     2 |       |       |       ||     2
       Bread ration      |       |       |       |       |       |       |     1 |       |     5 ||     6
